[Event "Early-Titled-Tuesday-Blitz-February-13-2024"]
[Site "Chess.com"]
[Date "2024.02.13"]
[Round "8"]
[White "ValiantCeleb"]
[Black "sansanathalia"]
[Result "0-1"]
[WhiteElo "2180"]
[BlackElo "2385"]
[TimeControl "180+1"]
[EndTime "9:27:02 PST"]
[Termination "sansanathalia won by checkmate"]

1. e4 c5 2. Nf3 d6 3. d4 cxd4 4. Nxd4 Nf6 5. Nc3 a6 6. Bc4 e6 7. Bb3 Be7 8. g4 Nc6 9. f3 Nd7 10. Bxe6 Bh4+ 11. Kf1 fxe6 12. Nxe6 Qb6 13. Nxg7+ Kf7 14.
Nf5 Qf2# 0-1

[Event "Early-Titled-Tuesday-Blitz-February-13-2024"]
[Site "Chess.com"]
[Date "2024.02.13"]
[Round "8"]
[White "GrotBchess"]
[Black "miraitrunks"]
[Result "1-0"]
[WhiteElo "2383"]
[BlackElo "2189"]
[TimeControl "180+1"]
[EndTime "9:27:06 PST"]
[Termination "GrotBchess won by resignation"]

1. d4 d5 2. c4 Bf5 3. cxd5 Bxb1 4. Rxb1 Qxd5 5. Qb3 Qxb3 6. axb3 Nc6 7. Nf3 O-O-O 8. e3 e5 9. Nxe5 Nxe5 10. dxe5 Bb4+ 11. Ke2 Ne7 12. f4 g5 13. g3 gxf4 14. gxf4 Nf5 15. Bh3 1-0

[Event "Early-Titled-Tuesday-Blitz-February-13-2024"]
[Site "Chess.com"]
[Date "2024.02.13"]
[Round "8"]
[White "OhanyanEminChess"]
[Black "lachesisQ"]
[Result "0-1"]
[WhiteElo "2807"]
[BlackElo "3049"]
[TimeControl "180+1"]
[EndTime "9:27:30 PST"]
[Termination "lachesisQ won by resignation"]

1. d4 g6 2. e4 Nf6 3. Nc3 d5 4. e5 Ne4 5. Nxe4 dxe4 6. Bc4 Bg7 7. Ne2 c5 8. e6 Bxe6 9. Bxe6 fxe6 10. dxc5 Qxd1+ 11. Kxd1 Na6 12. Be3 Bxb2 13. Rb1 Be5 14. Rxb7 O-O-O+ 0-1

[Event "Early-Titled-Tuesday-Blitz-February-13-2024"]
[Site "Chess.com"]
[Date "2024.02.13"]
[Round "8"]
[White "BursaBBSatranc"]
[Black "LileKoridze"]
[Result "1-0"]
[WhiteElo "2674"]
[BlackElo "2421"]
[TimeControl "180+1"]
[EndTime "9:27:39 PST"]
[Termination "BursaBBSatranc won by resignation"]

1. d4 Nf6 2. Bf4 d5 3. e3 e6 4. Nf3 Bd6 5. Bg3 O-O 6. Nbd2 c5 7. c3 Nc6 8. Bd3 Qc7 9. dxc5 Bxg3 10. hxg3 Ne7 11.
Nd4 Qxc5 12. Bxh7+ Nxh7 13. Qh5 Rd8 14. Qxh7+ Kf8 15.
Qh8+ Ng8 16. Rh7 Ke7 17. Qxg7 Rf8 18. Rh8 e5 19. N4b3 Qb6 20. Rxg8 Be6 21. Rxf8 Rxf8 22. Qxe5 a5 23. Qd4 Qc7 24. Qc5+ Qxc5 25. Nxc5 1-0

[Event "Early-Titled-Tuesday-Blitz-February-13-2024"]
[Site "Chess.com"]
[Date "2024.02.13"]
[Round "8"]
[White "Quattroporte300"]
[Black "yaguigor"]
[Result "1-0"]
[WhiteElo "2430"]
[BlackElo "2658"]
[TimeControl "180+1"]
[EndTime "9:27:41 PST"]
[Termination "Quattroporte300 won by resignation"]

1. e4 e5 2. Nf3 Nc6 3. d4 exd4 4. Nxd4 Qf6 5. Nxc6 Bc5 6. Qf3 dxc6 7. Nc3 Ne7 8. Bc4 b5 9. Qxf6 gxf6 10. Be2 f5 11.
Bf3 fxe4 12. Nxe4 Bb6 13. Nf6+ Kd8 14. Bg5 h6 15. O-O-O+ 1-0

[Event "Early-Titled-Tuesday-Blitz-February-13-2024"]
[Site "Chess.com"]
[Date "2024.02.13"]
[Round "8"]
[White "Hilary46"]
[Black "KorolDimitriy75"]
[Result "0-1"]
[WhiteElo "2618"]
[BlackElo "2420"]
[TimeControl "180+1"]
[EndTime "9:28:01 PST"]
[Termination "KorolDimitriy75 won by resignation"]

1. Nf3 c5 2. e4 d6 3. d4 cxd4 4. Nxd4 Nf6 5. Nc3 g6 6. Be3 Bg7 7. f3 O-O 8. Qd2 Nc6 9. O-O-O d5 10. exd5 Nxd5 11. Nxc6 bxc6 12. Bd4 e5 13. Bc5 Be6 14. Ne4 Rb8 15. h4 f5 16. Ng5 e4 17. Bd4 e3 18.
Qe1 Bxd4 19. Rxd4 Qb6 20. Nxe6 Qxb2+ 21. Kd1 Nc3+ 22. Qxc3 Qxc3 23. Bc4 Rb1+ 24. Ke2 Rxh1 25. Nxf8+ Kxf8 0-1

[Event "Early-Titled-Tuesday-Blitz-February-13-2024"]
[Site "Chess.com"]
[Date "2024.02.13"]
[Round "8"]
[White "BardArtem"]
[Black "Manukyan_Artak"]
[Result "1-0"]
[WhiteElo "2773"]
[BlackElo "2541"]
[TimeControl "180+1"]
[EndTime "9:28:05 PST"]
[Termination "BardArtem won by resignation"]

1. e4 c6 2. d4 d5 3. exd5 cxd5 4.
Bd3 Nc6 5. c3 e5 6. dxe5 Nxe5 7.
Nf3 Nxd3+ 8. Qxd3 Nf6 9. O-O Be7 10. Bg5 O-O 11. Nbd2 h6 12. Bh4 Re8 13. Rfe1 Be6 14. Nd4 Qd7 15. N2f3 Ne4 16. Bxe7 Rxe7 17. Rad1 Bg4 18.
c4 Rae8 19. cxd5 Qxd5 20. h3 Bh5 21. g4 Bg6 22. Nf5 Qxd3 23. Nxe7+ Rxe7 24. Rxd3 f5 25. Nh4 Bh7 26. f3 g5 27. Nxf5 Bxf5 28. gxf5 Nc5 29. Rxe7 1-0

[Event "Early-Titled-Tuesday-Blitz-February-13-2024"]
[Site "Chess.com"]
[Date "2024.02.13"]
[Round "8"]
[White "valorant64"]
[Black "esrosenberg"]
[Result "1/2-1/2"]
[WhiteElo "2619"]
[BlackElo "2441"]
[TimeControl "180+1"]
[EndTime "9:28:20 PST"]
[Termination "Game drawn by repetition"]

1. e4 e6 2. d4 d5 3. Nd2 c5 4. exd5 Qxd5 5. Ngf3 cxd4 6. Bc4 Qd6 7. Nb3 Qb4+ 8.
Nbd2 Nc6 9. O-O Nf6 10. a3 Qd6 11. Nb3 Be7 12. Nbxd4 Nxd4 13. Qxd4 Qxd4 14. Nxd4 Bc5 15. Nb3 Bb6 16. Bg5 Ne4 17. Bb5+ Bd7 18. Bxd7+ Kxd7 19. Rad1+ Kc7 20. Bf4+ Kc8 21. Be3 Bxe3 22. fxe3 f6 23. Rf4 f5 24. g4 g6 25. gxf5 exf5 26.
Rd4 Rd8 27. Rxd8+ Kxd8 28. Rh4 h5 29. Nd2 Nxd2 30. Rd4+ Ke7 31. Rxd2 Ke6 32. c4 Ke5 33. Rd4 g5 34. Kf2 Rc8 35. b4 b6 36. h4 g4 37.
Kg3 a5 38. Kf2 axb4 39. axb4 Ra8 40. Rd5+ Ke4 41. Rd4+ Ke5 42. Rd5+ Ke4 43. Rd4+ Ke5 1/2-1/2

[Event "Early-Titled-Tuesday-Blitz-February-13-2024"]
[Site "Chess.com"]
[Date "2024.02.13"]
[Round "8"]
[White "Schachmalanders"]
[Black "JonasEilenberg"]
[Result "0-1"]
[WhiteElo "2457"]
[BlackElo "2599"]
[TimeControl "180+1"]
[EndTime "9:28:23 PST"]
[Termination "JonasEilenberg won by resignation"]

1. e4 c5 2. Nc3 a6 3. g3 b5 4.
Bg2 Bb7 5. Nge2 e6 6. d3 Nc6 7.
O-O g6 8. d4 cxd4 9. Nxd4 Bg7 10. Ndxb5 axb5 11. Nxb5 Ba6 12. Nd6+ Ke7 13. Re1 Be5 14.
Bf4 Qc7 15. Bxe5 Nxe5 16. f4 Qxd6 17. fxe5 Qxd1 18. Raxd1 Rb8 19. Rd6 Bc8 20. b3 f6 21.
c4 fxe5 22. c5 Nf6 23. Rc1 Bb7 24. b4 Bxe4 25. a3 Ra8 26. Rc3 Bxg2 0-1

[Event "Early-Titled-Tuesday-Blitz-February-13-2024"]
[Site "Chess.com"]
[Date "2024.02.13"]
[Round "8"]
[White "Viktor_Poddubnyi"]
[Black "SmirnovTimofey2000"]
[Result "1-0"]
[WhiteElo "2274"]
[BlackElo "1983"]
[TimeControl "180+1"]
[EndTime "9:28:23 PST"]
[Termination "Viktor_Poddubnyi won by resignation"]

1. e4 e5 2. f4 exf4 3. Nf3 g5 4. h4 g4 5. Ne5 Nf6 6. Bc4 d5 7. exd5 Bd6 8. d4 h5 9. Bxf4 Nbd7 10. O-O Nb6 11.
Bg5 Be7 12. d6 Nxc4 13. dxe7 Qxe7 14. Bxf6 1-0

[Event "Early-Titled-Tuesday-Blitz-February-13-2024"]
[Site "Chess.com"]
[Date "2024.02.13"]
[Round "8"]
[White "rcmz"]
[Black "Slovineanu"]
[Result "0-1"]
[WhiteElo "2174"]
[BlackElo "2400"]
[TimeControl "180+1"]
[EndTime "9:28:23 PST"]
[Termination "Slovineanu won by checkmate"]

1. b4 Nf6 2. Bb2 g6 3. e3 Bg7 4. f4 O-O 5. Nf3 d5 6. Be2 a5 7. b5 c5 8. c4 e6 9. O-O b6 10. Qc2 Bb7 11. Ne5 Nbd7 12. Nxd7 Qxd7 13. Be5 Ne8 14.
Qb2 Rd8 15. d3 dxc4 16. dxc4 Bxe5 17. fxe5 Ng7 18. Rd1 Qe7 19. Bf3 Bxf3 20. Rxd8 Rxd8 21. gxf3 Rd1+ 22. Kf2 Qh4+ 23. Kg2 Qg5+ 24. Kf2 Qg1+ 25. Ke2 Qe1# 0-1

[Event "Early-Titled-Tuesday-Blitz-February-13-2024"]
[Site "Chess.com"]
[Date "2024.02.13"]
[Round "8"]
[White "chess123456s"]
[Black "ajeale2"]
[Result "0-1"]
[WhiteElo "2605"]
[BlackElo "2516"]
[TimeControl "180+1"]
[EndTime "9:28:42 PST"]
[Termination "ajeale2 won by checkmate"]

1. e4 g6 2. d4 Bg7 3. Nc3 d5 4. exd5 Nf6 5. Bc4 Nbd7 6. Nf3 Nb6 7. Bb3 O-O 8. Bg5 Nfxd5 9. Nxd5 Nxd5 10. Qd2 a5 11. a4 Bf5 12. Bh6 Nb4 13. O-O-O b5 14. h4 bxa4 15. Bxa4 Qd5 16. Bb3 Qxb3 17. Bxg7 Bxc2 18.
Qh6 Na2+ 19. Kd2 Qd3+ 20. Ke1 Qxd1# 0-1

[Event "Early-Titled-Tuesday-Blitz-February-13-2024"]
[Site "Chess.com"]
[Date "2024.02.13"]
[Round "8"]
[White "Payyappat"]
[Black "Mops_2004"]
[Result "0-1"]
[WhiteElo "2571"]
[BlackElo "2839"]
[TimeControl "180+1"]
[EndTime "9:28:49 PST"]
[Termination "Mops_2004 won by resignation"]

1. e4 g6 2. d4 Bg7 3. Nc3 d6 4. f4 Nf6 5. Nf3 c5 6. dxc5 Qa5 7. e5 dxe5 8. Nxe5 O-O 9. Be3 Ng4 10. Nxg4 Bxg4 11. Qxg4 Bxc3+ 12. bxc3 Qxc3+ 13. Kf2 Qxa1 14. f5 Nc6 15. h4 Qf6 16. Rh3 Ne5 17. Qf4 Qxf5 18.
Qxf5 gxf5 19. Bh6 Ng4+ 0-1

[Event "Early-Titled-Tuesday-Blitz-February-13-2024"]
[Site "Chess.com"]
[Date "2024.02.13"]
[Round "8"]
[White "SahibSinghKnight"]
[Black "crazy_m_attack"]
[Result "0-1"]
[WhiteElo "2594"]
[BlackElo "2482"]
[TimeControl "180+1"]
[EndTime "9:28:52 PST"]
[Termination "crazy_m_attack won by resignation"]

1. e4 e5 2. Nf3 Nc6 3. Bb5 a6 4. Ba4 Nf6 5. O-O Be7 6. Re1 b5 7. Bb3 O-O 8. c3 d5 9. exd5 Nxd5 10. Nxe5 Nxe5 11. Rxe5 c6 12. d3 Bd6 13. Re1 Bf5 14. Qf3 Qh4 15. g3 Qh3 16. Nd2 Rae8 17. Ne4 Bg4 18. Qg2 Qxg2+ 19. Kxg2 f5 20. Bd2 fxe4 21.
dxe4 Bf3+ 22. Kg1 Bxe4 23. f4 Kh8 24. a4 Bc5+ 25. Kf1 Nf6 26. axb5 axb5 27. h3 Nh5 0-1

[Event "Early-Titled-Tuesday-Blitz-February-13-2024"]
[Site "Chess.com"]
[Date "2024.02.13"]
[Round "8"]
[White "Rozhkov_V"]
[Black "RandomNoob04"]
[Result "1-0"]
[WhiteElo "2409"]
[BlackElo "2583"]
[TimeControl "180+1"]
[EndTime "9:28:56 PST"]
[Termination "Rozhkov_V won by resignation"]

1. e4 e5 2. Nf3 Nf6 3. Nc3 Nc6 4. Bb5 Bd6 5. O-O O-O 6. d3 a6 7. Bc4 h6 8. a4 Re8 9. h3 Bf8 10. Be3 d6 11. Nd2 Be6 12. f4 exf4 13. Bxf4 d5 14.
exd5 Nxd5 15. Nxd5 Bxd5 16. Qg4 Bxc4 17. Nxc4 Qd4+ 18. Kh1 b5 19. axb5 axb5 20. Rxa8 Rxa8 21. Nd2 Qxb2 22. Ne4 Qxc2 23. Bxh6 Qxd3 24. Nf6+ Kh8 25. Bxg7+ 1-0

[Event "Early-Titled-Tuesday-Blitz-February-13-2024"]
[Site "Chess.com"]
[Date "2024.02.13"]
[Round "8"]
[White "AsaHoffmann"]
[Black "ChEsper99"]
[Result "1-0"]
[WhiteElo "2420"]
[BlackElo "2214"]
[TimeControl "180+1"]
[EndTime "9:28:56 PST"]
[Termination "AsaHoffmann won by resignation"]

1. d4 Nf6 2. Bg5 d5 3. Nd2 c5 4.
c3 Nc6 5. e3 e5 6. Bb5 exd4 7. exd4 cxd4 8. cxd4 Bd7 9. Ngf3 Be7 10.
O-O O-O 11. Re1 Re8 12. a3 h6 13. Bh4 a6 14. Bd3 Bd6 15. Bg3 Bxg3 16. hxg3 Rxe1+ 17. Qxe1 Qe8 18. b4 Qxe1+ 19. Rxe1 Re8 20. Kf1 Kf8 21. Nb3 Rxe1+ 22. Kxe1 Bc8 23. Kd2 Ke7 24. Ne5 Nd7 25. f4 f6 26. Nxc6+ bxc6 27. Nc5 Nxc5 28. dxc5 Bb7 29. Ke3 Bc8 30. Kd4 Ke6 31. g4 g5 32.
Bf5+ 1-0

[Event "Early-Titled-Tuesday-Blitz-February-13-2024"]
[Site "Chess.com"]
[Date "2024.02.13"]
[Round "8"]
[White "nicolasbatista3"]
[Black "cukricek"]
[Result "1-0"]
[WhiteElo "2364"]
[BlackElo "2471"]
[TimeControl "180+1"]
[EndTime "9:28:57 PST"]
[Termination "nicolasbatista3 won by resignation"]

1. d4 Nf6 2. c4 g6 3. Nc3 d5 4.
cxd5 Nxd5 5. e4 Nxc3 6. bxc3 Bg7 7. Bc4 O-O 8. Ne2 c5 9. Be3 Nc6 10. O-O b6 11. Rc1 Qc7 12. Qd2 Na5 13. Bd3 Be6 14.
d5 Bd7 15. h4 e5 16. h5 Nb7 17. h6 Bh8 18. Bg5 f6 19. Be3 Nd6 20. Ng3 f5 21. exf5 gxf5 22. Bg5 e4 23. Be2 Nf7 24. Be7 Rfe8 25. d6 Qc6 26. Bc4 Rxe7 27. Qg5+ 1-0

[Event "Early-Titled-Tuesday-Blitz-February-13-2024"]
[Site "Chess.com"]
[Date "2024.02.13"]
[Round "8"]
[White "emeli_chess"]
[Black "SHIVACalypso"]
[Result "1-0"]
[WhiteElo "2373"]
[BlackElo "2493"]
[TimeControl "180+1"]
[EndTime "9:28:57 PST"]
[Termination "emeli_chess won by resignation"]

1. d4 Nf6 2. c4 c5 3. d5 e6 4. Nc3 exd5 5. cxd5 d6 6. Nf3 g6 7. h3 Bg7 8. e4 O-O 9. Bd3 Re8 10. O-O Nbd7 11. Re1 a6 12. a4 b6 13. Bg5 h6 14.
Bh4 Ne5 15. Nxe5 Rxe5 16. Bg3 Re8 17. e5 Nh5 18. e6 Nxg3 19. fxg3 fxe6 20. Bxg6 Rf8 21.
dxe6 Qg5 22. Bf7+ Rxf7 23. exf7+ Kxf7 24. Qxd6 Bd4+ 25. Kh2 Ra7 26. Rf1+ Kg8 27. Qf8+ Kh7 28. Qxc8 Be5 29. Qf5+ Qxf5 1-0

[Event "Early-Titled-Tuesday-Blitz-February-13-2024"]
[Site "Chess.com"]
[Date "2024.02.13"]
[Round "8"]
[White "Ykow"]
[Black "Korchmar_Vasiliy"]
[Result "0-1"]
[WhiteElo "2531"]
[BlackElo "2737"]
[TimeControl "180+1"]
[EndTime "9:29:12 PST"]
[Termination "Korchmar_Vasiliy won by resignation"]

1. e4 c5 2. Nf3 d6 3. d4 cxd4 4. Nxd4 Nf6 5. Nc3 Nc6 6. f3 e5 7. Nb3 Be7 8. Be3 O-O 9. Qe2 a5 10. a4 Be6 11. O-O-O Nb4 12. Kb1 Rc8 13. Qb5 d5 14.
exd5 Nfxd5 15. Nxd5 Bxd5 16. Bb6 Bxb3 17. Rxd8 Bxc2+ 18. Ka1 Bxd8 19. Be2 Bxa4 20. Qxa4 Bxb6 21. Qb5 Bd4 22. Bd3 Rc5 0-1

[Event "Early-Titled-Tuesday-Blitz-February-13-2024"]
[Site "Chess.com"]
[Date "2024.02.13"]
[Round "8"]
[White "vishwa_vijeta"]
[Black "HeroWilczek"]
[Result "1-0"]
[WhiteElo "2623"]
[BlackElo "2479"]
[TimeControl "180+1"]
[EndTime "9:29:17 PST"]
[Termination "vishwa_vijeta won by resignation"]

1. e4 c6 2. Nf3 d5 3. Nc3 Bg4 4. Be2 e6 5. d4 Nf6 6. e5 Nfd7 7. O-O Be7 8. h3 Bxf3 9. Bxf3 O-O 10. Ne2 c5 11. c3 Nc6 12. Be3 Rc8 13. Bg4 Qb6 14.
Qd2 cxd4 15. cxd4 Na5 16. b3 Rc7 17. Rac1 Rfc8 18. Nf4 Bb4 19. Qd3 Nf8 20. Nxd5 Rxc1 21. Nxb6 Rxf1+ 22. Qxf1 axb6 23. Qb5 1-0

[Event "Early-Titled-Tuesday-Blitz-February-13-2024"]
[Site "Chess.com"]
[Date "2024.02.13"]
[Round "8"]
[White "Sanyura"]
[Black "theoneandonlydaaevik"]
[Result "1-0"]
[WhiteElo "2658"]
[BlackElo "2510"]
[TimeControl "180+1"]
[EndTime "9:29:20 PST"]
[Termination "Sanyura won by resignation"]

1. Nf3 Nf6 2. g3 g6 3. Bg2 Bg7 4. O-O O-O 5. d3 c5 6. Nbd2 Nc6 7. e4 d5 8. exd5 Nxd5 9. Nc4 b6 10. a4 Bb7 11. c3 a6 12. Re1 b5 13. axb5 axb5 14.
Rxa8 Qxa8 15. Ne3 Nxe3 16. Bxe3 c4 17. dxc4 bxc4 18. Qe2 Ne5 19. Nxe5 Bxg2 20. f3 Bxe5 21. Kxg2 Rb8 22. Bc1 Bf6 23. Qxc4 Kg7 24. h4 Qa1 25.
Bh6+ Kxh6 26. Rxa1 Rxb2+ 27. Kh3 1-0

[Event "Early-Titled-Tuesday-Blitz-February-13-2024"]
[Site "Chess.com"]
[Date "2024.02.13"]
[Round "8"]
[White "Shodikulov_Jamshid1990"]
[Black "marsofsilva"]
[Result "1-0"]
[WhiteElo "2370"]
[BlackElo "2127"]
[TimeControl "180+1"]
[EndTime "9:29:20 PST"]
[Termination "Shodikulov_Jamshid1990 won by resignation"]

1. c4 e6 2. Nf3 d5 3. g3 c5 4.
Bg2 d4 5. O-O Nc6 6. d3 Nf6 7.
e3 Bd6 8. exd4 cxd4 9. a3 a5 10. Re1 O-O 11. Bg5 h6 12. Bxf6 Qxf6 13. Nbd2 Qd8 14. Ne4 Bc5 15. Nxc5 Qb6 16. Na4 Qd8 17.
Qb3 Re8 18. Nb6 Ra6 19. Nxc8 Qxc8 20. Qa4 Rb6 21. Re2 e5 22. Rae1 e4 23. c5 Ra6 24.
Rxe4 Rxe4 25. Rxe4 Qd7 26. h4 Qd5 27. Re8+ Kh7 28. Ng5+ 1-0

[Event "Early-Titled-Tuesday-Blitz-February-13-2024"]
[Site "Chess.com"]
[Date "2024.02.13"]
[Round "8"]
[White "UnTucopalaTimba"]
[Black "szefru"]
[Result "1-0"]
[WhiteElo "1995"]
[BlackElo "2256"]
[TimeControl "180+1"]
[EndTime "9:29:20 PST"]
[Termination "UnTucopalaTimba won by resignation"]

1. e4 Nf6 2. e5 Nd5 3. c4 Nb6 4.
d4 d6 5. exd6 exd6 6. Nf3 Be7 7.
Bd3 O-O 8. O-O Bg4 9. h3 Bh5 10. Nc3 Nc6 11. Be3 Bf6 12. Be2 Bxf3 13. gxf3 Qd7 14. Kg2 d5 15. c5 Nc8 16. f4 N8e7 17. Bg4 Qd8 18. Qf3 Bh4 19. Rfd1 f5 20. Bh5 g6 21. Kh2 gxh5 22. Rg1+ Ng6 23. Qxh5 Kh8 24.
Rxg6 Ne7 25. Rh6 Rf6 26. Rxh7+ Kg8 27. Rg1+ Kf8 28. Rh8+ Ng8 29. Rgxg8+ Ke7 30. Rxd8 Rxd8 31. Rxd8 Kxd8 32. Qxh4 1-0

[Event "Early-Titled-Tuesday-Blitz-February-13-2024"]
[Site "Chess.com"]
[Date "2024.02.13"]
[Round "8"]
[White "Helenita13"]
[Black "MokshAD1603"]
[Result "0-1"]
[WhiteElo "2360"]
[BlackElo "2606"]
[TimeControl "180+1"]
[EndTime "9:29:23 PST"]
[Termination "MokshAD1603 won by resignation"]

1. e4 c5 2. Nf3 e6 3. b3 b6 4. Bb2 Bb7 5. Nc3 Nc6 6. d4 cxd4 7. Nxd4 Rc8 8. Ndb5 d6 9. Be2 Nf6 10. O-O Be7 11. Bf3 a6 12. Nd4 Ne5 13. Be2 b5 14. f4 Ned7 15. f5 e5 16. Bxb5 axb5 17. Ndxb5 O-O 18.
Nxd6 Qb6+ 0-1

[Event "Early-Titled-Tuesday-Blitz-February-13-2024"]
[Site "Chess.com"]
[Date "2024.02.13"]
[Round "8"]
[White "Mariia89"]
[Black "agvania123"]
[Result "1-0"]
[WhiteElo "2211"]
[BlackElo "2364"]
[TimeControl "180+1"]
[EndTime "9:29:31 PST"]
[Termination "Mariia89 won by resignation"]

1. d4 Nf6 2. Nf3 g6 3. c4 Bg7 4.
Nc3 d5 5. Bg5 c6 6. e3 O-O 7.
Be2 Bg4 8. O-O Nbd7 9. c5 h6 10.
Bh4 Bxf3 11. Bxf3 e5 12. b4 e4 13. Be2 Qe8 14. b5 Nh7 15. bxc6 bxc6 16. Qa4 Nxc5 17.
dxc5 Bxc3 18. Rab1 f5 19. Bg3 g5 20. Bd6 Rf7 21. Bh5 Rc8 22. Bxf7+ Qxf7 23. Rb3 Bf6 24. Rfb1 f4 25. Rb7 Qg6 26. Qxa7 f3 27. Rb8 1-0

[Event "Early-Titled-Tuesday-Blitz-February-13-2024"]
[Site "Chess.com"]
[Date "2024.02.13"]
[Round "8"]
[White "ExtremeLearner"]
[Black "amanjazu"]
[Result "0-1"]
[WhiteElo "2367"]
[BlackElo "2518"]
[TimeControl "180+1"]
[EndTime "9:29:32 PST"]
[Termination "amanjazu won by resignation"]

1. e4 Nf6 2. e5 Nd5 3. c4 Nb6 4. d4 d6 5. f4 dxe5 6. fxe5 Nc6 7. Be3 Bf5 8. Nc3 e6 9. Nf3 Be7 10. Be2 O-O 11. O-O f6 12. exf6 Bxf6 13. Qd2 Bg4 14. Rad1 Qe7 15. b3 Rad8 16. h3 Bxf3 17. Bxf3 Nxd4 18.
Bxd4 Bxd4+ 19. Kh1 c6 20. Ne4 e5 21. Qa5 Rf4 22.
c5 Nd5 23. Rd3 Rdf8 24. b4 Rxe4 0-1

[Event "Early-Titled-Tuesday-Blitz-February-13-2024"]
[Site "Chess.com"]
[Date "2024.02.13"]
[Round "8"]
[White "RamonManon0g"]
[Black "Klavdia_Nik"]
[Result "1-0"]
[WhiteElo "2373"]
[BlackElo "2120"]
[TimeControl "180+1"]
[EndTime "9:29:32 PST"]
[Termination "RamonManon0g won by resignation"]

1. e4 e6 2. d4 d5 3. Nd2 dxe4 4. Nxe4 Bd7 5. Nf3 Bc6 6. Bd3 Nd7 7. Qe2 Ngf6 8. Neg5 Qe7 9. O-O h6 10. Ne4 Nxe4 11.
Bxe4 Bxe4 12. Qxe4 c6 13. Ne5 Nf6 14. Qf3 Qc7 15. Bf4 Bd6 16. c4 O-O-O 17. c5 Bxe5 18. Bxe5 Qe7 19. b4 Ne8 20. b5 f6 21. Bg3 Rd5 22.
bxc6 bxc6 23. Rab1 Nc7 24. Bd6 Rxd6 25. cxd6 Qxd6 26.
Rfc1 Kd7 27. Rb7 Ra8 28. d5 exd5 29. Qg4+ 1-0

[Event "Early-Titled-Tuesday-Blitz-February-13-2024"]
[Site "Chess.com"]
[Date "2024.02.13"]
[Round "8"]
[White "Orest_Vovk"]
[Black "MarcoRiehle"]
[Result "1-0"]
[WhiteElo "2698"]
[BlackElo "2858"]
[TimeControl "180+1"]
[EndTime "9:29:34 PST"]
[Termination "Orest_Vovk won by resignation"]

1. h4 h5 2. Nf3 Nf6 3. Ng5 d5 4. e4 dxe4 5. Nc3 Nc6 6. Ncxe4 e6 7. Bb5 Bd7 8. d3 a6 9. Bxc6 Bxc6 10. Qe2 Be7 11. Bd2 Nxe4 12. dxe4 Bxg5 13. hxg5 Qd4 14. Bc3 Qxe4 15. Bxg7 Rh7 16. Bf6 Qxe2+ 17. Kxe2 Bxg2 18. Rh4 c5 19. f3 Kd7 20. Rg1 Bxf3+ 21. Kxf3 Kc6 22.
Rgh1 Rc8 23. Rxh5 Rxh5 24. Rxh5 Rc7 25. Rh7 b5 26. Ke4 Rd7 27. g6 fxg6 28. Rxd7 Kxd7 29. Ke5 a5 30. b3 a4 31. c4 Kc6 32. Kxe6 axb3 33. axb3 bxc4 34. bxc4 Kb6 35. Kd6 1-0

[Event "Early-Titled-Tuesday-Blitz-February-13-2024"]
[Site "Chess.com"]
[Date "2024.02.13"]
[Round "8"]
[White "NelsonLinda"]
[Black "Zohid6"]
[Result "0-1"]
[WhiteElo "2593"]
[BlackElo "2841"]
[TimeControl "180+1"]
[EndTime "9:29:37 PST"]
[Termination "Zohid6 won by resignation"]

1. Nf3 Nf6 2. d4 e6 3. Bg5 b6 4. e4 h6 5. Bxf6 Qxf6 6. Bd3 Bb7 7. Nbd2 g5 8. h3 Bg7 9. c3 d6 10. Qe2 Nd7 11. Ba6 O-O-O 12. O-O-O Qg6 13. Ne1 h5 14. Nc2 f5 15. Nb4 Nb8 16. Bxb7+ Kxb7 17. exf5 Qxf5 18.
Rhe1 a5 19. Nc2 e5 20. dxe5 Bxe5 21. Nf3 Rde8 22. Kb1 Bxc3 23. Qxe8 Rxe8 24. Rxe8 Qb5 25. Rxb8+ Kxb8 26. b3 Qe2 27. Rc1 Qxf2 28. Nxg5 Qxg2 29. h4 Bd2 0-1

[Event "Early-Titled-Tuesday-Blitz-February-13-2024"]
[Site "Chess.com"]
[Date "2024.02.13"]
[Round "8"]
[White "Bauman_Guy"]
[Black "chipmunknau"]
[Result "1-0"]
[WhiteElo "2887"]
[BlackElo "2724"]
[TimeControl "180+1"]
[EndTime "9:29:38 PST"]
[Termination "Bauman_Guy won by resignation"]

1. e4 c5 2. Nf3 d6 3. d4 cxd4 4. Nxd4 Nf6 5. Nc3 g6 6. Be3 Bg7 7. f3 O-O 8. Qd2 Nc6 9. O-O-O Nxd4 10. Bxd4 Be6 11. Kb1 Qc7 12. g4 Rfc8 13. h4 Qa5 14. a3 Rab8 15. h5 b5 16. hxg6 fxg6 17. Qg5 Bf7 18. Nd5 Bxd5 19. Bxf6 Ba2+ 20. Kxa2 Bxf6 21.
Qd5+ Kf8 22. Rxh7 Ke8 23. g5 1-0

[Event "Early-Titled-Tuesday-Blitz-February-13-2024"]
[Site "Chess.com"]
[Date "2024.02.13"]
[Round "8"]
[White "manitodeplomo"]
[Black "disciplinedbrat"]
[Result "1-0"]
[WhiteElo "2656"]
[BlackElo "2488"]
[TimeControl "180+1"]
[EndTime "9:29:40 PST"]
[Termination "manitodeplomo won by checkmate"]

1. d4 Nf6 2. c4 e6 3. Nf3 d5 4. Nc3 Be7 5. Bg5 O-O 6. Qc2 h6 7. Bxf6 Bxf6 8. O-O-O dxc4 9. e4 c6 10. Bxc4 b5 11. Be2 a5 12. h4 a4 13. e5 Be7 14.
Ne4 Na6 15. g4 Nb4 16. Qb1 Qd5 17. Nc3 Qd8 18. g5 hxg5 19. Rdg1 c5 20. Nxg5 g6 21. Nxf7 Kxf7 22. Qxg6# 1-0

[Event "Early-Titled-Tuesday-Blitz-February-13-2024"]
[Site "Chess.com"]
[Date "2024.02.13"]
[Round "8"]
[White "KaterynaLagno"]
[Black "SashaKuzhilniy"]
[Result "1-0"]
[WhiteElo "2804"]
[BlackElo "2603"]
[TimeControl "180+1"]
[EndTime "9:29:41 PST"]
[Termination "KaterynaLagno won by resignation"]

1. e4 e5 2. Nf3 Nc6 3. Bb5 a6 4. Ba4 Nf6 5. O-O d6 6. Bxc6+ bxc6 7. d4 exd4 8. Nxd4 c5 9. Nc6 Qd7 10. Na5 Qa4 11. Qe1 Be7 12. Nc3 Qxa5 13. e5 O-O 14. Nd5 Qxe1 15. Nxe7+ Kh8 16. Rxe1 dxe5 17. Rxe5 Re8 18.
Bf4 Be6 19. Nc6 Bd5 20. Ne7 Be6 21. Nc6 Bd5 22. Na5 Rxe5 23. Bxe5 Re8 24. Re1 Nd7 25. Bxg7+ 1-0

[Event "Early-Titled-Tuesday-Blitz-February-13-2024"]
[Site "Chess.com"]
[Date "2024.02.13"]
[Round "8"]
[White "MIss_MIaMI"]
[Black "AlexTruskavetsky"]
[Result "0-1"]
[WhiteElo "2425"]
[BlackElo "2697"]
[TimeControl "180+1"]
[EndTime "9:29:45 PST"]
[Termination "AlexTruskavetsky won by resignation"]

1. e4 c5 2. Nf3 Nc6 3. d4 cxd4 4. c3 dxc3 5. Nxc3 e6 6. Bc4 Bb4 7. O-O Nge7 8. e5 d5 9. exd6 Bxd6 10. Qe2 a6 11. Rd1 Qc7 12. Ne4 Bf4 13. Bxf4 Qxf4 14.
Nd6+ Kf8 15. Rac1 g6 16. g3 Qg4 17. Nxf7 Kxf7 18. Bxe6+ Bxe6 19. Rxc6 Nxc6 20. Rd6 Rhe8 21. Rxc6 Kg8 22. Rc3 Bd5 23. Qd1 Rad8 24. Kg2 Rf8 25. Qe2 Rxf3 26. Rxf3 Rf8 0-1